FLORIDA vs COLUMBUS

Created - March-31-21 at 20:39

Goals
1 2 3 T
FLORIDA 0 1 0 1
COLUMBUS 2 0 1 3
Shots
1 2 3 T
FLORIDA 4 5 8 17
COLUMBUS 7 12 11 30

1st period

1. COLUMBUS , Jacob Trouba 6 (T.J. Oshie 12, Lars Eller 16) at 2:00
2. COLUMBUS , Steven Stamkos 19 (John Carlson 20, Anthony Beauvillier 13) at 7:36

Penalties :
No Penalty

2nd period

3. FLORIDA , Patrick Marleau 10 (Justin Schultz 9, Martin Necas 18) at 15:53

Penalties :
Sean Kuraly (CBJ) for Hooking (Minor) at 6:54

3rd period

4. COLUMBUS , Jack Roslovic 5 (John Carlson 21, Kaapo Kakko 10) at 13:33

Penalties :
Sean Kuraly (CBJ) for Hooking (Minor) at 3:00, Marc Staal (FLA) for Hooking (Minor) at 10:22, Kaapo Kakko (CBJ) for Holding (Minor) at 16:08

Goalie Stats

Marc-Andre Fleury (FLA), 27 saves from 30 shots - (0.900), L, 1-7-0, 60:00 minutes
David Rittich (CBJ), 16 saves from 17 shots - (0.941), W, 13-3-0, 60:00 minutes

Players Stats for FLORIDA

Player Name              G  A  P  +/- PIM S  H  SB GA TA FO     MP     PP MP  PK MP  
------------------------------------------------------------------------------------
Adam Lowry               0  0  0   0  0   2  2  0  0  0  11/24  18:19   2:32   1:31 
Alex Galchenyuk          0  0  0   0  0   1  0  0  0  0  1/1    16:48   2:32   0:00 
Brett Ritchie            0  0  0   0  0   2  0  0  0  0  0/0    14:16   0:00   0:00 
Dante Fabbro             0  0  0   0  0   0  3  1  0  0  0/0    23:01   2:44   0:52 
Denis Malgin             0  0  0  -2  0   1  0  1  0  0  1/2    11:12   0:41   0:00 
Drake Batherson          0  0  0  -1  0   0  1  0  0  0  2/7    11:36   0:41   0:09 
Joakim Nordstrom         0  0  0  -1  0   0  0  0  0  0  0/0    11:57   0:00   0:00 
Joe Thornton             0  0  0   1  0   2  0  1  0  0  10/19  18:23   2:44   0:19 
Justin Schultz           0  1  1   0  0   1  0  1  0  0  0/0    15:46   0:58   1:07 
Marc Staal               0  0  0  -2  2   0  4  1  0  0  0/0    19:29   0:41   0:00 
Markus Granlund          0  0  0  -1  0   0  0  0  0  0  0/1    11:57   0:00   0:00 
Martin Necas             0  1  1   1  0   1  0  0  0  0  0/2    19:35   2:44   1:31 
Micheal Ferland          0  0  0  -2  0   0  0  0  0  0  0/0    11:21   0:41   0:00 
Nate Schmidt             0  0  0   0  0   1  1  0  0  0  0/0    23:10   2:44   0:52 
Patrick Marleau          1  0  1   1  0   3  2  1  0  0  0/0    18:32   2:44   0:28 
Radim Simek              0  0  0   0  0   0  3  2  0  0  0/0    17:20   2:32   1:07 
Ryan Donato              0  0  0  -2  0   3  2  0  0  0  2/9    14:14   2:32   0:00 
Shayne Gostisbehere      0  0  0  -2  0   0  2  2  0  0  0/0    21:04   2:15   0:00 

Players Stats for COLUMBUS

Player Name              G  A  P  +/- PIM S  H  SB GA TA FO     MP     PP MP  PK MP  
------------------------------------------------------------------------------------
Aleksander Barkov        0  0  0   1  0   5  0  0  0  0  11/20  21:23   1:00   3:41 
Anthony Beauvillier      0  1  1   1  0   1  0  0  0  0  2/2    18:02   1:00   0:20 
Ben Chiarot              0  0  0   1  0   1  2  0  0  0  0/0    19:59   0:59   2:43 
Cam Atkinson             0  0  0   0  0   2  0  1  0  0  1/1    13:26   0:00   0:00 
Carl Gunnarsson          0  0  0   1  0   0  0  0  0  0  0/0     5:19   0:00   0:00 
Derek Grant              0  0  0   0  0   3  2  0  0  0  9/15   15:13   0:00   1:47 
Erik Cernak              0  0  0  -1  0   1  1  2  0  0  0/0    14:13   0:00   0:00 
Jack Roslovic            1  0  1   1  0   2  0  0  0  0  0/0     7:45   0:00   1:03 
Jacob Trouba             1  0  1   1  0   3  1  0  0  0  0/0    19:59   0:59   2:43 
John Carlson             0  2  2   2  0   1  3  1  0  0  0/0    25:48   1:00   3:14 
Jonathan Drouin          0  0  0   0  0   2  0  0  0  0  2/3    16:13   0:59   0:00 
Kaapo Kakko              0  1  1   1  2   0  0  0  0  0  1/1     6:41   0:00   0:00 
Lars Eller               0  1  1   0  0   3  0  0  0  0  5/12   18:00   0:59   1:47 
Luke Kunin               0  0  0   1  0   0  2  0  0  0  3/5     6:42   0:00   0:00 
Mattias Ekholm           0  0  0   1  0   0  3  1  0  0  0/0    20:29   1:00   3:14 
Ryan Murray              0  0  0  -1  0   0  0  2  0  0  0/0    14:13   0:00   0:00 
Sean Kuraly              0  0  0   0  4   1  2  0  0  0  0/1    13:24   0:00   0:00 
Steven Stamkos           1  0  1   1  0   2  1  0  0  0  3/4    20:58   1:00   3:16 
T.J. Oshie               0  1  1   0  0   3  1  0  0  0  1/1    16:13   0:59   0:00 

3 Stars

1 - John Carlson (CBJ)
2 - Steven Stamkos (CBJ)
3 - Jacob Trouba (CBJ)

Power Play

FLORIDA - 0 on 3 Attempt(s) - 0.00%
COLUMBUS - 0 on 1 Attempt(s) - 0.00%

Penalty Kill

FLORIDA - 1 on 1 Attempt(s) - 100.00% - Score 0 goal in Penalty Kill
COLUMBUS - 3 on 3 Attempt(s) - 100.00% - Score 0 goal in Penalty Kill

Team Stat

FLORIDA - Hits : 20 - Faceoff Wins : 27 - Blocked Shots : 10 - Penalty Minutes : 2
COLUMBUS - Hits : 18 - Faceoff Wins : 38 - Blocked Shots : 7 - Penalty Minutes : 6

Official

Referees : Marc Tarbuskovich and Mike Sheehan
Linesman : Brent Hooks and Matthew Tanti

Game Notes

No Game Note

Finance

Level 1 -- Attendance: 6000 (100.00%) -- Ticket Income $540,000
Level 2 -- Attendance: 5000 (100.00%) -- Ticket Income $250,000
Level 3 -- Attendance: 1979 (98.95%) -- Ticket Income $59,370
Level 4 -- Attendance: 4000 (100.00%) -- Ticket Income $60,000
Luxury Box -- Attendance: 871 (87.10%) -- Ticket Income $156,780
Game was played at the Nationwide Arena.
Total Attendance: 17850 (99.17%)
Total Ticket Income: $1,066,150
Total Income: $1,066,150

FLORIDA

5 vs 5 Forward 
   Center                   Left Wing                Right Wing               Time % Phy DF OF 
 1 Joe Thornton             Patrick Marleau          Martin Necas             31     1   2  2  
 2 Adam Lowry               Alex Galchenyuk          Brett Ritchie            30     1   2  2  
 3 Ryan Donato              Micheal Ferland          Denis Malgin             20     1   2  2  
 4 Drake Batherson          Markus Granlund          Joakim Nordstrom         19     1   2  2  

5 vs 5 Defense 
   Defense                  Defense                                           Time % Phy DF OF 
 1 Dante Fabbro             Nate Schmidt                                      35     1   2  2  
 2 Marc Staal               Shayne Gostisbehere                               35     1   2  2  
 3 Radim Simek              Justin Schultz                                    25     1   2  2  
 4 Dante Fabbro             Nate Schmidt                                      5      1   2  2  

PowerPlay Forward 
   Center                   Left Wing                Right Wing               Time % Phy DF OF 
 1 Joe Thornton             Patrick Marleau          Martin Necas             60     1   1  3  
 2 Adam Lowry               Ryan Donato              Alex Galchenyuk          40     1   1  3  

PowerPlay Defense
   Defense                  Defense                                           Time % Phy DF OF 
 1 Dante Fabbro             Nate Schmidt                                      60     1   1  3  
 2 Shayne Gostisbehere      Radim Simek                                       40     1   1  3  

Penalty Kill 4 Players Forward 
   Center                   Wing                     Time % Phy DF OF 
 1 Adam Lowry               Martin Necas             60     2   2  1  
 2 Joe Thornton             Patrick Marleau          40     2   2  1  

Penalty Kill 4 Players Defense
   Defense                  Defense                  Time % Phy DF OF 
 1 Dante Fabbro             Nate Schmidt             60     2   2  1  
 2 Justin Schultz           Radim Simek              40     2   2  1  

Penalty Kill - 3 Players Forward 
   Forward                                           Time % Phy DF OF 
 1 Adam Lowry                                        60     2   2  1  
 2 Joe Thornton                                      40     2   2  1  

Penalty Kill - 3 Players Defense
   Defense                  Defense                  Time % Phy DF OF 
 1 Dante Fabbro             Nate Schmidt             60     2   2  1  
 2 Justin Schultz           Radim Simek              40     2   2  1  

4 vs 4 Forward 
   Center                   Wing                     Time % Phy DF OF 
 1 Adam Lowry               Martin Necas             60     2   1  2  
 2 Joe Thornton             Patrick Marleau          40     2   1  2  

4 vs 4 Defense
   Defense                  Defense                  Time % Phy DF OF 
 1 Dante Fabbro             Nate Schmidt             60     2   1  2  
 2 Shayne Gostisbehere      Radim Simek              40     2   1  2  

Last Minutes Offensive
   Center                   Left Wing                Right Wing               Defense                  Defense                  
   Joe Thornton             Ryan Donato              Martin Necas             Dante Fabbro             Nate Schmidt             

Last Minutes Defensive
   Center                   Left Wing                Right Wing               Defense                  Defense                  
   Joe Thornton             Patrick Marleau          Martin Necas             Dante Fabbro             Nate Schmidt             

Goaltenders
Starting : Marc-Andre Fleury        
Backup : Jimmy Howard             

Extra Forwards
Normal : Ryan Donato, Drake Batherson, Martin Necas - PP : Drake Batherson, Ryan Donato - PK : Drake Batherson
Extra Defensemen
Normal : Justin Schultz, Radim Simek, Nate Schmidt - PP : Justin Schultz - PK : Justin Schultz, Nate Schmidt
Penalty Shots
Drake Batherson, Martin Necas, Ryan Donato, Patrick Marleau, Alex Galchenyuk

Scratches
Ilya Lyubushkin (Healthy), FLA Cap Hit (Suspend), Dillon Dube (Healthy)

COLUMBUS

5 vs 5 Forward 
   Center                   Left Wing                Right Wing               Time % Phy DF OF 
 1 Aleksander Barkov        Anthony Beauvillier      Steven Stamkos           35     1   2  2  
 2 Lars Eller               Jonathan Drouin          T.J. Oshie               30     1   2  2  
 3 Derek Grant              Sean Kuraly              Cam Atkinson             25     1   2  2  
 4 Luke Kunin               Jack Roslovic            Kaapo Kakko              10     1   2  2  

5 vs 5 Defense 
   Defense                  Defense                                           Time % Phy DF OF 
 1 John Carlson             Mattias Ekholm                                    35     1   2  2  
 2 Jacob Trouba             Ben Chiarot                                       30     1   2  2  
 3 Erik Cernak              Ryan Murray                                       25     1   2  2  
 4 Carl Gunnarsson          John Carlson                                      10     1   2  2  

PowerPlay Forward 
   Center                   Left Wing                Right Wing               Time % Phy DF OF 
 1 Aleksander Barkov        Anthony Beauvillier      Steven Stamkos           60     1   2  2  
 2 Lars Eller               Jonathan Drouin          T.J. Oshie               40     1   2  2  

PowerPlay Defense
   Defense                  Defense                                           Time % Phy DF OF 
 1 John Carlson             Mattias Ekholm                                    60     1   2  2  
 2 Jacob Trouba             Ben Chiarot                                       40     1   2  2  

Penalty Kill 4 Players Forward 
   Center                   Wing                     Time % Phy DF OF 
 1 Aleksander Barkov        Steven Stamkos           60     1   2  2  
 2 Derek Grant              Lars Eller               40     1   2  2  

Penalty Kill 4 Players Defense
   Defense                  Defense                  Time % Phy DF OF 
 1 John Carlson             Mattias Ekholm           60     1   2  2  
 2 Jacob Trouba             Ben Chiarot              40     1   2  2  

Penalty Kill - 3 Players Forward 
   Forward                                           Time % Phy DF OF 
 1 Aleksander Barkov                                 60     1   2  2  
 2 Lars Eller                                        40     1   2  2  

Penalty Kill - 3 Players Defense
   Defense                  Defense                  Time % Phy DF OF 
 1 John Carlson             Mattias Ekholm           60     1   2  2  
 2 Jacob Trouba             Ben Chiarot              40     1   2  2  

4 vs 4 Forward 
   Center                   Wing                     Time % Phy DF OF 
 1 Aleksander Barkov        T.J. Oshie               60     1   2  2  
 2 Steven Stamkos           Cam Atkinson             40     1   2  2  

4 vs 4 Defense
   Defense                  Defense                  Time % Phy DF OF 
 1 John Carlson             Mattias Ekholm           60     1   2  2  
 2 Jacob Trouba             Ben Chiarot              40     1   2  2  

Last Minutes Offensive
   Center                   Left Wing                Right Wing               Defense                  Defense                  
   Aleksander Barkov        Anthony Beauvillier      Steven Stamkos           John Carlson             Mattias Ekholm           

Last Minutes Defensive
   Center                   Left Wing                Right Wing               Defense                  Defense                  
   Aleksander Barkov        Anthony Beauvillier      Steven Stamkos           John Carlson             Mattias Ekholm           

Goaltenders
Starting : David Rittich            
Backup : Mikko Koskinen           

Extra Forwards
Normal : Derek Grant, Sean Kuraly, Jack Roslovic - PP : Derek Grant, Sean Kuraly - PK : Jack Roslovic
Extra Defensemen
Normal : Erik Cernak, Ryan Murray, Carl Gunnarsson - PP : Erik Cernak - PK : Ryan Murray, Carl Gunnarsson
Penalty Shots
Aleksander Barkov, Steven Stamkos, T.J. Oshie, Cam Atkinson, Anthony Beauvillier

Scratches
Emil Bemstrom (Healthy), CBJ Cap Hit (Suspend)

% Time on Ice - FLORIDA

Lines # - Real PCT - Wanted PCT - Time Play
Normal Forward
1 - 29% - 31% - 15:20
2 - 27% - 30% - 14:16
3 - 20% - 20% - 10:31
4 - 23% - 19% - 11:57
Normal Defense
1 - 35% - 35% - 18:03
2 - 36% - 35% - 18:49
3 - 26% - 25% - 13:41
4 - 3% - 5% - 1:31
PP Forward
1 - 57% - 60% - 3:25
2 - 43% - 40% - 2:32
PP Defense
1 - 57% - 60% - 3:25
2 - 43% - 40% - 2:32
PK Forward
1 - 84% - 60% - 1:40
2 - 16% - 40% - 0:19
PK Defense
1 - 44% - 60% - 0:52
2 - 56% - 40% - 1:07
PK3 Forward
1 - 0% - 60%
2 - 0% - 40%
PK3 Defense
1 - 0% - 60%
2 - 0% - 40%
44 Forward
1 - 0% - 60%
2 - 0% - 40%
44 Defense
1 - 0% - 60%
2 - 0% - 40%
Last Minute Offensive  - 0:00
Last Minute Defensive  - 0:00
Total
Forward - 60:00
Defense - 60:00

% Time on Ice - COLUMBUS

Lines # - Real PCT - Wanted PCT - Time Play
Normal Forward
1 - 32% - 35% - 16:42
2 - 29% - 30% - 15:14
3 - 26% - 25% - 13:26
4 - 13% - 10% - 6:42
Normal Defense
1 - 31% - 35% - 16:15
2 - 31% - 30% - 16:17
3 - 27% - 25% - 14:13
4 - 10% - 10% - 5:19
PP Forward
1 - 50% - 60% - 1:00
2 - 50% - 40% - 0:59
PP Defense
1 - 50% - 60% - 1:00
2 - 50% - 40% - 0:59
PK Forward
1 - 70% - 60% - 4:10
2 - 30% - 40% - 1:47
PK Defense
1 - 54% - 60% - 3:14
2 - 46% - 40% - 2:43
PK3 Forward
1 - 0% - 60%
2 - 0% - 40%
PK3 Defense
1 - 0% - 60%
2 - 0% - 40%
44 Forward
1 - 0% - 60%
2 - 0% - 40%
44 Defense
1 - 0% - 60%
2 - 0% - 40%
Last Minute Offensive  - 0:00
Last Minute Defensive  - 0:00
Total
Forward - 60:00
Defense - 60:00

Play-by-Play

1st period


0:01 of 1st period - Joe Thornton wins face-off versus Aleksander Barkov in neutral zone.
1:22 of 1st period - Shot by Alex Galchenyuk.
1:22 of 1st period - Shot Blocked by Mattias Ekholm.
1:41 of 1st period - Ryan Donato is hit by Jacob Trouba and loses puck.
2:00 of 1st period - Shot by Jacob Trouba.
2:00 of 1st period - Goal by Jacob Trouba - FLORIDA : 0 - COLUMBUS : 1.
2:01 of 1st period - Drake Batherson wins face-off versus Sean Kuraly in neutral zone.
2:59 of 1st period - Icing by Marc Staal.
3:00 of 1st period - Lars Eller wins face-off versus Martin Necas in FLORIDA zone.
3:17 of 1st period - Shot by Lars Eller.
3:17 of 1st period - Shot Blocked by Patrick Marleau.
3:26 of 1st period - Icing by Shayne Gostisbehere.
3:27 of 1st period - Kaapo Kakko wins face-off versus Joe Thornton in FLORIDA zone.
3:57 of 1st period - Shot by Luke Kunin.
3:57 of 1st period - Shot Blocked by Shayne Gostisbehere.
3:59 of 1st period - Shot by Kaapo Kakko.
3:59 of 1st period - Shot Misses the Net.
4:26 of 1st period - Icing by Nate Schmidt.
4:27 of 1st period - Adam Lowry wins face-off versus Lars Eller in FLORIDA zone.
5:02 of 1st period - Shot by T.J. Oshie.
5:02 of 1st period - Shot Misses the Net.
7:18 of 1st period - Steven Stamkos is hit by Marc Staal.
7:36 of 1st period - Shot by Steven Stamkos.
7:36 of 1st period - Goal by Steven Stamkos - FLORIDA : 0 - COLUMBUS : 2.
7:37 of 1st period - Luke Kunin wins face-off versus Adam Lowry in neutral zone.
8:06 of 1st period - Alex Galchenyuk is hit by Luke Kunin and loses puck.
8:53 of 1st period - Shot by Joe Thornton.
8:53 of 1st period - Shot Misses the Net.
8:55 of 1st period - Shot by Joe Thornton.
8:55 of 1st period - Shot Misses the Net.
9:17 of 1st period - Shot by Derek Grant.
9:17 of 1st period - The goal is going for a video replay.
9:17 of 1st period - The goal is refused.
9:18 of 1st period - Derek Grant wins face-off versus Ryan Donato in FLORIDA zone.
9:41 of 1st period - Shot by Ryan Donato.
9:41 of 1st period - Stopped by David Rittich with a rebound.
9:45 of 1st period - Shot by Nate Schmidt.
9:45 of 1st period - Shot Misses the Net.
10:48 of 1st period - Martin Necas is hit by Mattias Ekholm and loses puck.
11:37 of 1st period - Luke Kunin is hit by Marc Staal and loses puck.
12:00 of 1st period - Ben Chiarot is hit by Ryan Donato and loses puck.
12:57 of 1st period - Shot by Sean Kuraly.
12:57 of 1st period - Stopped by Marc-Andre Fleury with a rebound.
13:03 of 1st period - Carl Gunnarsson is hit by Drake Batherson and loses puck.
13:11 of 1st period - Drake Batherson is hit by John Carlson and loses puck.
13:25 of 1st period - Off-side.
13:26 of 1st period - Adam Lowry wins face-off versus Lars Eller in neutral zone.
14:26 of 1st period - Icing by Nate Schmidt.
14:27 of 1st period - Adam Lowry wins face-off versus Luke Kunin in FLORIDA zone.
14:43 of 1st period - Shot by Luke Kunin.
14:43 of 1st period - Deflect By Jack Roslovic.
14:43 of 1st period - Shot Misses the Net.
14:46 of 1st period - Icing by Adam Lowry.
14:47 of 1st period - Steven Stamkos wins face-off versus Adam Lowry in FLORIDA zone.
14:48 of 1st period - Shot by John Carlson.
14:48 of 1st period - Stopped by Marc-Andre Fleury with a rebound.
15:10 of 1st period - Icing by Aleksander Barkov.
15:11 of 1st period - Aleksander Barkov wins face-off versus Joe Thornton in COLUMBUS zone.
15:11 of 1st period - Steven Stamkos is hit by Patrick Marleau and loses puck.
15:26 of 1st period - Shot by Joe Thornton.
15:26 of 1st period - Shot Hit the Post.
15:28 of 1st period - Shot by Martin Necas.
15:28 of 1st period - Shot Misses the Net.
15:30 of 1st period - Shot by Joe Thornton.
15:30 of 1st period - Stopped by David Rittich without a rebound.
15:31 of 1st period - Derek Grant wins face-off versus Ryan Donato in COLUMBUS zone.
16:01 of 1st period - Icing by Justin Schultz.
16:02 of 1st period - Lars Eller wins face-off versus Ryan Donato in FLORIDA zone.
16:02 of 1st period - T.J. Oshie is hit by Radim Simek and loses puck.
17:05 of 1st period - Shot by Aleksander Barkov.
17:05 of 1st period - Shot Blocked by Radim Simek.
17:07 of 1st period - Shot by Steven Stamkos.
17:07 of 1st period - Stopped by Marc-Andre Fleury without a rebound.
17:08 of 1st period - Derek Grant wins face-off versus Joe Thornton in FLORIDA zone.
17:11 of 1st period - Shot by Sean Kuraly.
17:11 of 1st period - Shot Misses the Net.
17:37 of 1st period - Shot by Cam Atkinson.
17:37 of 1st period - Stopped by Marc-Andre Fleury without a rebound.
17:38 of 1st period - Aleksander Barkov wins face-off versus Drake Batherson in FLORIDA zone.
17:59 of 1st period - Steven Stamkos is hit by Dante Fabbro and loses puck.
18:14 of 1st period - Shot by Joakim Nordstrom.
18:14 of 1st period - Shot Misses the Net.
18:27 of 1st period - Icing by Dante Fabbro.
18:28 of 1st period - T.J. Oshie wins face-off versus Drake Batherson in FLORIDA zone.
18:31 of 1st period - Shot by Ben Chiarot.
18:31 of 1st period - Shot Blocked by Dante Fabbro.
18:54 of 1st period - Shot by Shayne Gostisbehere.
18:54 of 1st period - Shot Misses the Net.
18:56 of 1st period - Shot by Patrick Marleau.
18:56 of 1st period - Stopped by David Rittich without a rebound.
18:57 of 1st period - Derek Grant wins face-off versus Adam Lowry in COLUMBUS zone.
19:13 of 1st period - Shot by Brett Ritchie.
19:13 of 1st period - Stopped by David Rittich with a rebound.
19:22 of 1st period - Cam Atkinson is hit by Marc Staal.
19:36 of 1st period - Shot by Derek Grant.
19:36 of 1st period - Shot Blocked by Marc Staal.
Goals for this period are 0 for FLORIDA vs 2 for COLUMBUS.
Shots for this period are 4 for FLORIDA vs 7 for COLUMBUS.

2nd period


0:01 of 2nd period - Anthony Beauvillier wins face-off versus Joe Thornton in neutral zone.
0:36 of 2nd period - Icing by Nate Schmidt.
0:37 of 2nd period - Jonathan Drouin wins face-off versus Joe Thornton in FLORIDA zone.
0:42 of 2nd period - Shot by Ben Chiarot.
0:42 of 2nd period - Stopped by Marc-Andre Fleury without a rebound.
0:43 of 2nd period - Adam Lowry wins face-off versus Lars Eller in FLORIDA zone.
1:16 of 2nd period - Shot by Jonathan Drouin.
1:16 of 2nd period - Stopped by Marc-Andre Fleury without a rebound.
1:17 of 2nd period - Aleksander Barkov wins face-off versus Drake Batherson in FLORIDA zone.
1:54 of 2nd period - Shot by Anthony Beauvillier.
1:54 of 2nd period - Stopped by Marc-Andre Fleury without a rebound.
1:55 of 2nd period - Joe Thornton wins face-off versus Derek Grant in FLORIDA zone.
2:25 of 2nd period - Sean Kuraly is hit by Dante Fabbro and loses puck.
2:31 of 2nd period - Derek Grant is hit by Nate Schmidt and loses puck.
3:12 of 2nd period - Shot by T.J. Oshie.
3:12 of 2nd period - Stopped by Marc-Andre Fleury with a rebound.
3:14 of 2nd period - Shot by Lars Eller.
3:14 of 2nd period - Stopped by Marc-Andre Fleury without a rebound.
3:15 of 2nd period - Adam Lowry wins face-off versus Aleksander Barkov in FLORIDA zone.
3:34 of 2nd period - Shot by Aleksander Barkov.
3:34 of 2nd period - Stopped by Marc-Andre Fleury without a rebound.
3:35 of 2nd period - Luke Kunin wins face-off versus Markus Granlund in FLORIDA zone.
3:49 of 2nd period - Shayne Gostisbehere is hit by Luke Kunin and loses puck.
4:36 of 2nd period - Shot by Joe Thornton.
4:36 of 2nd period - Stopped by David Rittich without a rebound.
4:37 of 2nd period - Ryan Donato wins face-off versus Lars Eller in COLUMBUS zone.
4:46 of 2nd period - Shot by Ryan Donato.
4:46 of 2nd period - Shot Blocked by Erik Cernak.
4:55 of 2nd period - Icing by Radim Simek.
4:56 of 2nd period - Denis Malgin wins face-off versus Aleksander Barkov in FLORIDA zone.
5:03 of 2nd period - Shot by Denis Malgin.
5:03 of 2nd period - Stopped by David Rittich without a rebound.
5:04 of 2nd period - Joe Thornton wins face-off versus Aleksander Barkov in COLUMBUS zone.
5:11 of 2nd period - Shot by Patrick Marleau.
5:11 of 2nd period - Shot Misses the Net.
5:13 of 2nd period - Shot by Joe Thornton.
5:13 of 2nd period - Shot Misses the Net.
5:15 of 2nd period - Shot by Patrick Marleau.
5:15 of 2nd period - Shot Misses the Net.
6:13 of 2nd period - Shot by Lars Eller.
6:13 of 2nd period - Stopped by Marc-Andre Fleury without a rebound.
6:14 of 2nd period - Derek Grant wins face-off versus Adam Lowry in FLORIDA zone.
6:14 of 2nd period - Cam Atkinson is hit by Shayne Gostisbehere and loses puck.
6:42 of 2nd period - Alex Galchenyuk is hit by Ben Chiarot and loses puck.
6:54 of 2nd period - Minor Penalty to Sean Kuraly for Hooking.
6:55 of 2nd period - Steven Stamkos wins face-off versus Adam Lowry in COLUMBUS zone.
8:47 of 2nd period - Shot by Denis Malgin.
8:47 of 2nd period - Shot Misses the Net.
8:49 of 2nd period - Shot by Micheal Ferland.
8:49 of 2nd period - Shot Blocked by John Carlson.
9:52 of 2nd period - Dante Fabbro is hit by Sean Kuraly and loses puck.
11:29 of 2nd period - Off-side.
11:30 of 2nd period - Adam Lowry wins face-off versus Lars Eller in neutral zone.
11:44 of 2nd period - Erik Cernak is hit by Shayne Gostisbehere and loses puck.
12:08 of 2nd period - T.J. Oshie is hit by Marc Staal and loses puck.
12:39 of 2nd period - Off-side.
12:40 of 2nd period - Joe Thornton wins face-off versus Aleksander Barkov in neutral zone.
13:13 of 2nd period - Shot by Steven Stamkos.
13:13 of 2nd period - Shot Blocked by Joe Thornton.
13:21 of 2nd period - Shot by Aleksander Barkov.
13:21 of 2nd period - Stopped by Marc-Andre Fleury with a rebound.
13:23 of 2nd period - Shot by Aleksander Barkov.
13:23 of 2nd period - Stopped by Marc-Andre Fleury without a rebound.
13:24 of 2nd period - Drake Batherson wins face-off versus Derek Grant in FLORIDA zone.
13:36 of 2nd period - Joakim Nordstrom is hit by Sean Kuraly and loses puck.
13:56 of 2nd period - Shot by Cam Atkinson.
13:56 of 2nd period - Stopped by Marc-Andre Fleury without a rebound.
13:57 of 2nd period - Luke Kunin wins face-off versus Ryan Donato in FLORIDA zone.
14:38 of 2nd period - Icing by John Carlson.
14:39 of 2nd period - Adam Lowry wins face-off versus Luke Kunin in COLUMBUS zone.
15:09 of 2nd period - Shot by Anthony Beauvillier.
15:09 of 2nd period - Shot Misses the Net.
15:13 of 2nd period - Shot by Steven Stamkos.
15:13 of 2nd period - Shot Misses the Net.
15:45 of 2nd period - Shot by Joe Thornton.
15:45 of 2nd period - Shot Blocked by Erik Cernak.
15:53 of 2nd period - Shot by Patrick Marleau.
15:53 of 2nd period - Goal by Patrick Marleau - FLORIDA : 1 - COLUMBUS : 2.
15:54 of 2nd period - Derek Grant wins face-off versus Ryan Donato in neutral zone.
16:10 of 2nd period - Ryan Donato is hit by Derek Grant and loses puck.
16:56 of 2nd period - Justin Schultz is hit by Erik Cernak and loses puck.
17:26 of 2nd period - Shot by Jonathan Drouin.
17:26 of 2nd period - Stopped by Marc-Andre Fleury without a rebound.
17:27 of 2nd period - Aleksander Barkov wins face-off versus Adam Lowry in FLORIDA zone.
17:44 of 2nd period - Shot by Steven Stamkos.
17:44 of 2nd period - Shot Misses the Net.
18:34 of 2nd period - Shot by Luke Kunin.
18:34 of 2nd period - Deflect By Jack Roslovic.
18:34 of 2nd period - Stopped by Marc-Andre Fleury without a rebound.
18:35 of 2nd period - Ryan Donato wins face-off versus Lars Eller in FLORIDA zone.
18:48 of 2nd period - Shot by Ryan Donato.
18:48 of 2nd period - Stopped by David Rittich with a rebound.
18:50 of 2nd period - Shot by Radim Simek.
18:50 of 2nd period - Deflect By Ryan Donato.
18:50 of 2nd period - Stopped by David Rittich without a rebound.
18:51 of 2nd period - Joe Thornton wins face-off versus Derek Grant in COLUMBUS zone.
19:14 of 2nd period - Shot by Cam Atkinson.
19:14 of 2nd period - Shot Misses the Net.
Goals for this period are 1 for FLORIDA vs 0 for COLUMBUS.
Shots for this period are 5 for FLORIDA vs 12 for COLUMBUS.

3rd period


0:01 of 3rd period - Steven Stamkos wins face-off versus Adam Lowry in neutral zone.
0:26 of 3rd period - Shot by Aleksander Barkov.
0:26 of 3rd period - Shot Misses the Net.
0:35 of 3rd period - Alex Galchenyuk is hit by Mattias Ekholm and loses puck.
0:42 of 3rd period - Shot by Steven Stamkos.
0:42 of 3rd period - Shot Misses the Net.
1:01 of 3rd period - Off-side.
1:02 of 3rd period - Joe Thornton wins face-off versus Derek Grant in neutral zone.
1:02 of 3rd period - Patrick Marleau is hit by Derek Grant and loses puck.
1:33 of 3rd period - Shot by Patrick Marleau.
1:33 of 3rd period - Shot Blocked by Cam Atkinson.
1:37 of 3rd period - Shot by Joe Thornton.
1:37 of 3rd period - Shot Blocked by Ryan Murray.
1:39 of 3rd period - Shot by Patrick Marleau.
1:39 of 3rd period - Stopped by David Rittich without a rebound.
1:40 of 3rd period - Lars Eller wins face-off versus Denis Malgin in COLUMBUS zone.
1:40 of 3rd period - Lars Eller is hit by Ryan Donato.
2:04 of 3rd period - Radim Simek is hit by T.J. Oshie and loses puck.
2:15 of 3rd period - Shot by Lars Eller.
2:15 of 3rd period - Shot Misses the Net.
2:49 of 3rd period - Aleksander Barkov is hit by Dante Fabbro.
2:57 of 3rd period - Shot by Anthony Beauvillier.
2:57 of 3rd period - Shot Misses the Net.
2:59 of 3rd period - Shot by Jacob Trouba.
2:59 of 3rd period - Stopped by Marc-Andre Fleury without a rebound.
3:00 of 3rd period - Adam Lowry wins face-off versus Derek Grant in FLORIDA zone.
3:00 of 3rd period - Minor Penalty to Sean Kuraly for Hooking.
3:01 of 3rd period - Aleksander Barkov wins face-off versus Martin Necas in COLUMBUS zone.
3:01 of 3rd period - Steven Stamkos is hit by Patrick Marleau and loses puck.
3:37 of 3rd period - Icing by Dante Fabbro.
3:38 of 3rd period - Joe Thornton wins face-off versus Aleksander Barkov in FLORIDA zone.
3:45 of 3rd period - Shot by Martin Necas.
3:45 of 3rd period - Stopped by David Rittich without a rebound.
3:46 of 3rd period - Aleksander Barkov wins face-off versus Adam Lowry in COLUMBUS zone.
4:19 of 3rd period - Shot by Alex Galchenyuk.
4:19 of 3rd period - Stopped by David Rittich without a rebound.
4:20 of 3rd period - Lars Eller wins face-off versus Joe Thornton in COLUMBUS zone.
4:46 of 3rd period - Off-side.
4:47 of 3rd period - Aleksander Barkov wins face-off versus Adam Lowry in neutral zone.
5:59 of 3rd period - Off-side.
6:00 of 3rd period - Alex Galchenyuk wins face-off versus Derek Grant in neutral zone.
6:07 of 3rd period - Shot by Adam Lowry.
6:07 of 3rd period - Stopped by David Rittich without a rebound.
6:08 of 3rd period - Joe Thornton wins face-off versus Aleksander Barkov in COLUMBUS zone.
6:08 of 3rd period - Nate Schmidt is hit by John Carlson and loses puck.
6:15 of 3rd period - Shot by Joe Thornton.
6:15 of 3rd period - Deflect By Patrick Marleau.
6:15 of 3rd period - Shot Misses the Net.
6:17 of 3rd period - Shot by Nate Schmidt.
6:17 of 3rd period - Stopped by David Rittich without a rebound.
6:18 of 3rd period - Adam Lowry wins face-off versus Jonathan Drouin in COLUMBUS zone.
6:18 of 3rd period - Alex Galchenyuk is hit by John Carlson.
6:20 of 3rd period - Shot by Adam Lowry.
6:20 of 3rd period - Stopped by David Rittich without a rebound.
6:21 of 3rd period - Aleksander Barkov wins face-off versus Adam Lowry in COLUMBUS zone.
6:21 of 3rd period - Aleksander Barkov is hit by Adam Lowry.
6:53 of 3rd period - Shot by Aleksander Barkov.
6:53 of 3rd period - Stopped by Marc-Andre Fleury without a rebound.
6:54 of 3rd period - Joe Thornton wins face-off versus Lars Eller in FLORIDA zone.
7:18 of 3rd period - Shot by T.J. Oshie.
7:18 of 3rd period - Shot Blocked by Justin Schultz.
7:20 of 3rd period - Shot by Jonathan Drouin.
7:20 of 3rd period - Deflect By T.J. Oshie.
7:20 of 3rd period - Stopped by Marc-Andre Fleury without a rebound.
7:21 of 3rd period - Derek Grant wins face-off versus Ryan Donato in FLORIDA zone.
7:26 of 3rd period - Shot by Derek Grant.
7:26 of 3rd period - Stopped by Marc-Andre Fleury without a rebound.
7:27 of 3rd period - Adam Lowry wins face-off versus Aleksander Barkov in FLORIDA zone.
7:27 of 3rd period - Adam Lowry is hit by Steven Stamkos.
7:34 of 3rd period - Nate Schmidt is hit by Mattias Ekholm and loses puck.
7:39 of 3rd period - Shot by Alex Galchenyuk.
7:39 of 3rd period - Deflect By Brett Ritchie.
7:39 of 3rd period - Stopped by David Rittich without a rebound.
7:40 of 3rd period - Jonathan Drouin wins face-off versus Joe Thornton in COLUMBUS zone.
7:55 of 3rd period - Shot by Jonathan Drouin.
7:55 of 3rd period - Shot Misses the Net.
8:47 of 3rd period - Adam Lowry is hit by Ben Chiarot.
9:19 of 3rd period - Off-side.
9:20 of 3rd period - Aleksander Barkov wins face-off versus Ryan Donato in neutral zone.
9:55 of 3rd period - John Carlson is hit by Radim Simek and loses puck.
10:19 of 3rd period - Icing by Marc Staal.
10:20 of 3rd period - Derek Grant wins face-off versus Joe Thornton in FLORIDA zone.
10:21 of 3rd period - Shot by Erik Cernak.
10:21 of 3rd period - Stopped by Marc-Andre Fleury without a rebound.
10:22 of 3rd period - Cam Atkinson wins face-off versus Drake Batherson in FLORIDA zone.
10:22 of 3rd period - Minor Penalty to Marc Staal for Hooking.
10:23 of 3rd period - Anthony Beauvillier wins face-off versus Adam Lowry in FLORIDA zone.
10:41 of 3rd period - Mattias Ekholm is hit by Adam Lowry and loses puck.
11:30 of 3rd period - Off-side.
11:31 of 3rd period - Lars Eller wins face-off versus Adam Lowry in neutral zone.
11:40 of 3rd period - Shot by Lars Eller.
11:40 of 3rd period - Deflect By T.J. Oshie.
11:40 of 3rd period - Shot Blocked by Radim Simek.
11:42 of 3rd period - Shot by T.J. Oshie.
11:42 of 3rd period - Stopped by Marc-Andre Fleury with a rebound.
11:59 of 3rd period - Shot by Jacob Trouba.
11:59 of 3rd period - Stopped by Marc-Andre Fleury with a rebound.
12:37 of 3rd period - Shot by Cam Atkinson.
12:37 of 3rd period - Shot Misses the Net.
12:39 of 3rd period - Shot by Ryan Murray.
12:39 of 3rd period - Shot Blocked by Denis Malgin.
12:58 of 3rd period - Shot by Derek Grant.
12:58 of 3rd period - Stopped by Marc-Andre Fleury with a rebound.
13:00 of 3rd period - Shot by Sean Kuraly.
13:00 of 3rd period - Deflect By Derek Grant.
13:00 of 3rd period - Shot Misses the Net.
13:23 of 3rd period - Shot by Kaapo Kakko.
13:23 of 3rd period - Shot Misses the Net.
13:33 of 3rd period - Shot by Jack Roslovic.
13:33 of 3rd period - Goal by Jack Roslovic - FLORIDA : 1 - COLUMBUS : 3.
13:34 of 3rd period - Aleksander Barkov wins face-off versus Drake Batherson in neutral zone.
13:39 of 3rd period - Shot by Steven Stamkos.
13:39 of 3rd period - Shot Misses the Net.
14:34 of 3rd period - Shot by Lars Eller.
14:34 of 3rd period - Shot Misses the Net.
14:36 of 3rd period - Shot by T.J. Oshie.
14:36 of 3rd period - Shot Misses the Net.
15:00 of 3rd period - Shot by Patrick Marleau.
15:00 of 3rd period - Shot Blocked by Ryan Murray.
16:08 of 3rd period - Minor Penalty to Kaapo Kakko for Holding.
16:09 of 3rd period - Aleksander Barkov wins face-off versus Adam Lowry in COLUMBUS zone.
16:25 of 3rd period - Shot by Justin Schultz.
16:25 of 3rd period - Stopped by David Rittich without a rebound.
16:26 of 3rd period - Joe Thornton wins face-off versus Steven Stamkos in COLUMBUS zone.
17:31 of 3rd period - Shot by Lars Eller.
17:31 of 3rd period - Shot Blocked by Shayne Gostisbehere.
18:29 of 3rd period - Erik Cernak is hit by Radim Simek.
19:05 of 3rd period - Shot by Jonathan Drouin.
19:05 of 3rd period - Shot Misses the Net.
19:07 of 3rd period - Shot by Lars Eller.
19:07 of 3rd period - Stopped by Marc-Andre Fleury without a rebound.
19:08 of 3rd period - Adam Lowry wins face-off versus Aleksander Barkov in FLORIDA zone.
19:16 of 3rd period - Shot by Aleksander Barkov.
19:16 of 3rd period - Stopped by Marc-Andre Fleury without a rebound.
19:17 of 3rd period - Derek Grant wins face-off versus Joe Thornton in FLORIDA zone.
Goals for this period are 0 for FLORIDA vs 1 for COLUMBUS.
Shots for this period are 8 for FLORIDA vs 11 for COLUMBUS.